IL
TACOMA RAINIERS @ OMAHA STORM CHASERS
07/14/2044
 
TOP OF THE 1ST
Tacoma Rainiers batting - Pitching for Omaha Storm Chasers : RHP Skyler Webster
Pitching: RHP Skyler Webster
Batting: RHB Tatsunori Hayakawa 0-0: Ball
1-0: Bunt for hit to 13S - play at first, batter safe!
Batting: RHB Kumar Madugula 0-0: Fly out, F9 (Flyball, 89S, EV 84.4 MPH)
Batting: RHB Kevin Chafe 0-0: Called Strike
0-1: Ball
1-1: Swinging Strike
1-2: Fielders Choice at 2nd, 4-6 (Groundball, 4S, EV 87.5 MPH)
Batting: LHB Caleb Domino 0-0: Foul Ball, location: 2F
0-1: Swinging Strike
0-2: Ball
1-2: Foul Ball, location: 2F
1-2: Ball
2-2: Strikes out swinging
Top of the 1st over - 0 runs, 1 hit, 0 errors, 1 left on base; Tacoma 0 - Omaha 0
BOTTOM OF THE 1ST
Omaha Storm Chasers batting - Pitching for Tacoma Rainiers : RHP Settan Suzuki
Pitching: RHP Settan Suzuki
Batting: RHB Yuichi Takata 0-0: SINGLE (Line Drive, 8RS, EV 101.9 MPH)
Batting: RHB Bob Najar 0-0: Ball
1-0: Called Strike
1-1: Foul Ball, location: 2F
1-2: Grounds into double play, 5-4-3 (Groundball, 56, EV 106.9 MPH)
Batting: LHB Roman Downey 0-0: Called Strike
0-1: Foul Ball, location: 2F
0-2: Ball
1-2: Ball
2-2: Ground out U3 (Groundball, 3, EV 100.6 MPH)
Bottom of the 1st over - 0 runs, 1 hit, 0 errors, 0 left on base; Tacoma 0 - Omaha 0
TOP OF THE 2ND
Tacoma Rainiers batting - Pitching for Omaha Storm Chasers : RHP Skyler Webster
Batting: SHB Ismael Bello 0-0: Called Strike
0-1: Ball
1-1: Fly out, F7 (Flyball, 7LS, EV 94.4 MPH)
Batting: SHB Tony de Lara 0-0: Called Strike
0-1: Foul Ball, location: 2F
0-2: Ball
1-2: Ball
2-2: Ball
3-2: Base on Balls
Batting: RHB Jim Begger 0-0: Called Strike
0-1: Swinging Strike
0-2: Strikes out swinging
Tony de Lara is caught stealing 2nd base 2-4
Batter strikes out.
Top of the 2nd over - 0 runs, 0 hits, 0 errors, 0 left on base; Tacoma 0 - Omaha 0
BOTTOM OF THE 2ND
Omaha Storm Chasers batting - Pitching for Tacoma Rainiers : RHP Settan Suzuki
Batting: LHB Justin Rupert 0-0: Foul Ball, location: 2F
0-1: Ball
1-1: Foul Ball, location: 2F
1-2: Strikes out swinging
Batting: RHB Mikolas Markus 0-0: Ball
1-0: Called Strike
1-1: Called Strike
1-2: Fly out, F9 (Flyball, 9, EV 91.9 MPH)
Batting: RHB Nick Ogle 0-0: Called Strike
0-1: SINGLE (Line Drive, 89S, EV 103.8 MPH)
Batting: RHB Chris Cooper 0-0: Ball
1-0: Called Strike
1-1: Ball
2-1: SINGLE (Line Drive, 7LS, EV 86.3 MPH)
Nick Ogle to second
Batting: RHB Joeri Plas 0-0: Called Strike
0-1: Foul Ball, location: 2F
0-2: Ball
1-2: Foul Ball, location: 2F
1-2: Fly out, F4 (Flyball, 34D, EV 80.6 MPH)
Bottom of the 2nd over - 0 runs, 2 hits, 0 errors, 2 left on base; Tacoma 0 - Omaha 0
TOP OF THE 3RD
Tacoma Rainiers batting - Pitching for Omaha Storm Chasers : RHP Skyler Webster
Batting: RHB Sumiki Ryu 0-0: Called Strike
0-1: Ball
1-1: Ball
2-1: Ground out 6-3 (Groundball, 6, EV 96.3 MPH)
Batting: RHB Matt Berkley 0-0: Reached on error, E6 (Groundball, 6, EV 87.5 MPH)
Batting: RHB Tatsunori Hayakawa 0-0: Ball
1-0: SINGLE (Groundball, 6MD, EV 98.8 MPH)
Matt Berkley to third
Runner from 3rd tries for Home, SAFE, throw by CF to home
Batting: RHB Kumar Madugula 0-0: Called Strike
0-1: Grounds into double play, 5-4-3 (Groundball, 5S, EV 80.6 MPH)
Top of the 3rd over - 1 run, 1 hit, 1 error, 0 left on base; Tacoma 1 - Omaha 0
BOTTOM OF THE 3RD
Omaha Storm Chasers batting - Pitching for Tacoma Rainiers : RHP Settan Suzuki
Batting: RHB Aaron Moore 0-0: Ball
1-0: Called Strike
1-1: Ball
2-1: Foul Ball, location: 2F
2-2: Strikes out swinging
Batting: RHB Yuichi Takata 0-0: Reached on error, E7 (Flyball, 78D, EV 93.8 MPH)
Batting: RHB Bob Najar 0-0: Called Strike
0-1: DOUBLE (Line Drive, 9LM, EV 96.9 MPH)
Yuichi Takata scores
Batting: LHB Roman Downey 0-0: Ball
1-0: Foul Ball, location: 2F
1-1: DOUBLE (Line Drive, 9LD, EV 105.6 MPH)
Bob Najar scores
Batting: LHB Justin Rupert 0-0: Called Strike
0-1: Ball
1-1: Swinging Strike
1-2: Ball
2-2: Fly out, F9 (Flyball, 9S, EV 78.8 MPH)
Batting: RHB Mikolas Markus 0-0: Ball
1-0: Called Strike
1-1: Ball
2-1: Ball
3-1: Base on Balls
Batting: RHB Nick Ogle 0-0: Foul Ball, location: 2F
0-1: Ball
1-1: Ball
2-1: Fly out, F8 (Flyball, 8LXD, EV 98.1 MPH)
Bottom of the 3rd over - 2 runs, 2 hits, 1 error, 2 left on base; Tacoma 1 - Omaha 2
TOP OF THE 4TH
Tacoma Rainiers batting - Pitching for Omaha Storm Chasers : RHP Skyler Webster
Batting: RHB Kevin Chafe 0-0: Foul Ball, location: 2F
0-1: Ground out 4-3 (Groundball, 4, EV 79.4 MPH)
Batting: LHB Caleb Domino 0-0: Ball
1-0: Ball
2-0: Ball
3-0: Ground out 4-3 (Groundball, 4, EV 82.5 MPH)
Batting: SHB Ismael Bello 0-0: Called Strike
0-1: Ball
1-1: Called Strike
1-2: Foul Ball, location: 2F
1-2: Ball
2-2: Ball
3-2: Foul Ball, location: 2F
3-2: Base on Balls
Batting: SHB Tony de Lara 0-0: Ball
1-0: Ball
Ismael Bello steals 2nd base
2-0: Ball
3-0: Called Strike
3-1: Foul Ball, location: 2F
3-2: Ground out 4-3 (Groundball, 4, EV 91.9 MPH)
Top of the 4th over - 0 runs, 0 hits, 0 errors, 1 left on base; Tacoma 1 - Omaha 2
BOTTOM OF THE 4TH
Omaha Storm Chasers batting - Pitching for Tacoma Rainiers : RHP Settan Suzuki
Batting: RHB Chris Cooper 0-0: Foul Ball, location: 2F
0-1: Ball
1-1: Ball
2-1: Ball
3-1: Foul Ball, location: 2F
3-2: Base on Balls
Batting: RHB Joeri Plas 0-0: Called Strike
0-1: Ball
1-1: SINGLE (Line Drive, 7S, EV 111.3 MPH)
Chris Cooper to second
Batting: RHB Aaron Moore 0-0: Ball
1-0: Called Strike
1-1: Ground out 6-3 (Groundball, 6S, EV 71.9 MPH)
Chris Cooper to third
Joeri Plas to second
Batting: RHB Yuichi Takata 0-0: Ball
1-0: Swinging Strike
1-1: Foul Ball, location: 2F
1-2: Ground out 6-3 (Groundball, 6, EV 88.1 MPH)
Chris Cooper scores
Joeri Plas to third
Batting: RHB Bob Najar 0-0: Fly out, F4 (Line Drive, 4, EV 71.3 MPH)
Bottom of the 4th over - 1 run, 1 hit, 0 errors, 1 left on base; Tacoma 1 - Omaha 3
TOP OF THE 5TH
Tacoma Rainiers batting - Pitching for Omaha Storm Chasers : RHP Skyler Webster
Batting: RHB Jim Begger 0-0: Ball
1-0: Ball
2-0: Foul Ball, location: 2F
2-1: Foul Ball, location: 2F
2-2: Strikes out swinging
Batting: RHB Sumiki Ryu 0-0: Ball
1-0: Called Strike
1-1: Ball
2-1: Foul Ball, location: 2F
2-2: Ball
3-2: Ground out 6-3 (Groundball, 6, EV 91.9 MPH)
Batting: RHB Matt Berkley 0-0: Fly out, F8 (Flyball, 8LXD, EV 103.8 MPH)
Top of the 5th over - 0 runs, 0 hits, 0 errors, 0 left on base; Tacoma 1 - Omaha 3
BOTTOM OF THE 5TH
Omaha Storm Chasers batting - Pitching for Tacoma Rainiers : RHP Settan Suzuki
Batting: LHB Roman Downey 0-0: Fly out, F9 (Flyball, 89M, EV 86.3 MPH)
Batting: LHB Justin Rupert 0-0: Foul Ball, location: 2F
0-1: Foul Ball, location: 2F
0-2: Ball
1-2: Ball
2-2: Strikes out swinging
Batting: RHB Mikolas Markus 0-0: Called Strike
0-1: Foul Ball, location: 2F
0-2: Ball
1-2: Foul Ball, location: 2F
1-2: Ball
2-2: Ball
3-2: Fly out, F8 (Line Drive, 8LM, EV 93.1 MPH)
Bottom of the 5th over - 0 runs, 0 hits, 0 errors, 0 left on base; Tacoma 1 - Omaha 3
TOP OF THE 6TH
Tacoma Rainiers batting - Pitching for Omaha Storm Chasers : RHP Skyler Webster
Batting: RHB Tatsunori Hayakawa 0-0: Ground out 3-1 (Groundball, 34, EV 87.5 MPH)
Batting: RHB Kumar Madugula 0-0: Called Strike
0-1: Ball
1-1: Foul Ball, location: 2F
1-2: Ball
2-2: Foul Ball, location: 2F
2-2: Foul Ball, location: 2F
2-2: Ball
3-2: Foul Ball, location: 2F
3-2: Strikes out swinging
Batting: RHB Kevin Chafe 0-0: Ball
1-0: Called Strike
1-1: Foul Ball, location: 2F
1-2: Ball
2-2: Foul Ball, location: 2F
2-2: Ball
3-2: Ground out U3 (Groundball, 34, EV 86.3 MPH)
Top of the 6th over - 0 runs, 0 hits, 0 errors, 0 left on base; Tacoma 1 - Omaha 3
BOTTOM OF THE 6TH
Omaha Storm Chasers batting - Pitching for Tacoma Rainiers : RHP Settan Suzuki
Batting: RHB Nick Ogle 0-0: Ball
1-0: Ball
2-0: Called Strike
2-1: Foul Ball, location: 2F
2-2: Ball
3-2: Fly out, F7 (Flyball, 78S, EV 87.5 MPH)
Batting: RHB Chris Cooper 0-0: Ball
1-0: SINGLE (Line Drive, 8RS, EV 100.0 MPH)
Batting: RHB Joeri Plas 0-0: Ball
1-0: Called Strike
1-1: Ball
2-1: Called Strike
2-2: DOUBLE (Flyball, 78XD, EV 113.1 MPH)
Chris Cooper to third
Pitching: RHP Francisco Mercado
Pinch Hitting: LHB Frank Hill 0-0: SINGLE (Groundball, 34D, EV 95.0 MPH)
Chris Cooper scores
Joeri Plas to third
Batting: RHB Yuichi Takata 0-0: Ball
1-0: Called Strike
1-1: Foul Ball, location: 2F
1-2: Fielders Choice at 2nd, 6-4 (Groundball, 56, EV 103.1 MPH)
Joeri Plas scores
Batting: RHB Bob Najar 0-0: Ball
Yuichi Takata steals 2nd base (no throw)
1-0: Fly out, F7 (Flyball, 78M, EV 91.3 MPH)
Bottom of the 6th over - 2 runs, 3 hits, 0 errors, 1 left on base; Tacoma 1 - Omaha 5
TOP OF THE 7TH
Tacoma Rainiers batting - Pitching for Omaha Storm Chasers : RHP Skyler Webster
Now at 2B: Jaden Warrior
Batting: LHB Caleb Domino 0-0: Fly out, F9 (Flyball, 9S, EV 75.0 MPH)
Batting: SHB Ismael Bello 0-0: Ball
1-0: Ball
2-0: Ball
3-0: Called Strike
3-1: Called Strike
3-2: Foul Ball, location: 2F
3-2: Foul Ball, location: 2F
3-2: Ground out 5-3 (Groundball, 6, EV 106.3 MPH)
Batting: SHB Tony de Lara 0-0: Ball
1-0: Called Strike
1-1: Foul Ball, location: 2F
1-2: Ground out 6-3 (Groundball, 56, EV 110.6 MPH)
Top of the 7th over - 0 runs, 0 hits, 0 errors, 0 left on base; Tacoma 1 - Omaha 5
BOTTOM OF THE 7TH
Omaha Storm Chasers batting - Pitching for Tacoma Rainiers : RHP Francisco Mercado
Batting: LHB Roman Downey 0-0: Swinging Strike
0-1: Ground out 4-3 (Groundball, 4S, EV 83.1 MPH)
Batting: LHB Justin Rupert 0-0: Called Strike
0-1: Foul Ball, location: 2F
0-2: Ball
1-2: Foul Ball, location: 2F
1-2: Strikes out swinging
Batting: RHB Mikolas Markus 0-0: Ball
1-0: Called Strike
1-1: Swinging Strike
1-2: Ball
2-2: Ground out 6-3 (Groundball, 6, EV 84.4 MPH)
Bottom of the 7th over - 0 runs, 0 hits, 0 errors, 0 left on base; Tacoma 1 - Omaha 5
TOP OF THE 8TH
Tacoma Rainiers batting - Pitching for Omaha Storm Chasers : RHP Skyler Webster
Batting: RHB Jim Begger 0-0: DOUBLE (Groundball, 5L, EV 101.9 MPH)
Batting: RHB Sumiki Ryu 0-0: Ball
1-0: Ball
2-0: Ball
3-0: Base on Balls
Pitching: RHP Brian Bright
Batting: RHB Matt Berkley 0-0: SINGLE (Flyball, 8RS, EV 96.3 MPH)
Jim Begger to third
Sumiki Ryu to second
Runner from 3rd tries for Home, SAFE, throw by CF to home
Batting: RHB Tatsunori Hayakawa 0-0: Swinging Strike
0-1: Swinging Strike
0-2: Strikes out swinging
Batting: RHB Kumar Madugula 0-0: Called Strike
0-1: Ground out 5-3 (Groundball, 5S, EV 67.5 MPH)
Sumiki Ryu to third
Matt Berkley to second
Batting: RHB Kevin Chafe 0-0: Ball
1-0: Called Strike
1-1: Foul Ball, location: 2F
1-2: Ball
2-2: Ball
3-2: Strikes out swinging
Top of the 8th over - 1 run, 2 hits, 0 errors, 2 left on base; Tacoma 2 - Omaha 5
BOTTOM OF THE 8TH
Omaha Storm Chasers batting - Pitching for Tacoma Rainiers : RHP Francisco Mercado
Pitching: RHP Kenzaburo Yoneyama
Batting: RHB Nick Ogle 0-0: Called Strike
0-1: Ground out 6-3 (Groundball, 6, EV 99.4 MPH)
Batting: RHB Chris Cooper 0-0: Called Strike
0-1: Ground out 4-3 (Groundball, 4, EV 78.1 MPH)
Batting: RHB Joeri Plas 0-0: Ball
1-0: Called Strike
1-1: Ball
2-1: Swinging Strike
2-2: Ball
3-2: Base on Balls
Batting: RHB Jaden Warrior 0-0: Ball
1-0: Called Strike
1-1: Swinging Strike
1-2: Foul Ball, location: 2F
1-2: Strikes out swinging
Bottom of the 8th over - 0 runs, 0 hits, 0 errors, 1 left on base; Tacoma 2 - Omaha 5
TOP OF THE 9TH
Tacoma Rainiers batting - Pitching for Omaha Storm Chasers : RHP Brian Bright
Pitching: RHP Joe Jordahl
Now at 1B: Gary Horgan
Now in RF: Ruben Serrata
Batting: LHB Caleb Domino 0-0: Ball
1-0: Foul Ball, location: 2F
1-1: Ball
2-1: Foul Ball, location: 2F
2-2: Foul Ball, location: 2F
2-2: Foul Ball, location: 2F
2-2: Ball
3-2: Ground out 4-3 (Groundball, 4D, EV 100.0 MPH)
Batting: SHB Ismael Bello 0-0: Ball
1-0: Ball
2-0: Ball
3-0: Called Strike
3-1: Ground out 6-3 (Groundball, 6, EV 102.5 MPH)
Batting: SHB Tony de Lara 0-0: Foul Ball, location: 2F
0-1: Foul Ball, location: 2F
0-2: Ball
1-2: Ball
2-2: Ball
3-2: Strikes out looking
Top of the 9th over - 0 runs, 0 hits, 0 errors, 0 left on base; Tacoma 2 - Omaha 5
Thursday, March 31st , 2022 - OOTP Baseball 22.12 Build 89